 Dungeon Crawl Stone Soup version 0.28.0 (webtiles) character file.

Game seed: 7240934047538399187

100 Deca the Skirmisher (level 4, -2/41 HPs)
             Began as a Hill Orc Fighter on Feb 15, 2022.
             Succumbed to a gnoll's poison
             ... on level 3 of the Dungeon.
             The game lasted 00:03:30 (1605 turns).

Deca the Skirmisher (Hill Orc Fighter)              Turns: 1605, Time: 00:03:30

Health: -2/41      AC:  8    Str: 20    XL:     4   Next: 73%
Magic:  4/4        EV:  9    Int:  8    God:
Gold:   84         SH:  4    Dex: 10    Spells: 3/3 levels left

rFire   . . .      SeeInvis .   a - +0 war axe
rCold   . . .      Faith    .   c - +0 buckler
rNeg    . . .      Spirit   .   b - +0 scale mail
rPois   .          Reflect  .   (no helmet)
rElec   .          Harm     .   j - +0 cloak
rCorr   .          Rampage  .   (no gloves)
Will    .....                   (no boots)
Stlth   ..........              (no amulet)
HPRegen 0.13/turn               (no ring)
MPRegen 0.09/turn               (no ring)

@: mighty, lethally poisoned (-2 -> -32)
A: no striking features
a: no special abilities


You were on level 3 of the Dungeon.
You visited 1 branch of the dungeon, and saw 3 of its levels.

You collected 84 gold pieces.

Inventory:

Hand Weapons
 a - a +0 war axe (weapon)
Armour
 b - a +0 scale mail (worn)
 c - a +0 buckler (worn)
 j - a +0 cloak (worn)
Jewellery
 l - a ring of willpower
 m - a ring of protection from cold
Scrolls
 e - a scroll of enchant weapon {unknown}
 f - a scroll of brand weapon {unknown}
 g - a scroll of identify {unknown}
 h - 2 scrolls of holy word {unknown}
 k - a scroll of enchant armour {unknown}
Potions
 d - a potion of might
 i - 2 potions of berserk rage {unknown}
 n - a potion of heal wounds {unknown}


   Skills:
 + Level 4.5 Fighting
 + Level 3.9 Axes
 + Level 4.0 Armour
 + Level 4.0 Shields


You had 3 spell levels left.
You didn't know any spells.
Your spell library contained the following spells:

 Spells                   Type           Power      Damage    Failure   Level
 Sting                    Tmut/Pois      0%         1d3       85%         1
 Poisonous Vapours        Pois/Air       0%         N/A       94%         2
 Olgreb's Toxic Radiance  Pois           0%         N/A       100%        4


Dungeon Overview and Level Annotations

Branches:
Dungeon (3/15)

Altars:
Hepliaklqana


Message History

The gnoll is moderately wounded.
The gnoll hits you with a +0 whip.
You slash the gnoll!
You kill the gnoll!
You barely miss the gnoll. The gnoll hits you but does no damage.
You are poisoned.
A frilled lizard comes into view.
Your Armour skill increases to level 4!
You hit the gnoll.
The gnoll is lightly wounded.
You hit the gnoll.
You feel sick. The gnoll closely misses you.
The gnoll shaman calls upon its god to heal the gnoll.
The gnoll's wounds heal themselves!
A quokka comes into view.
The gnoll hits you with a +0 club. The gnoll barely misses you.
You slash the gnoll!
You kill the gnoll!
You closely miss the gnoll.
You feel sick. You block the gnoll's attack.
You barely miss the gnoll.
You hit the gnoll shaman but do no damage.
You feel sick.
The gnoll hits you with a +1 dagger of venom.
You are more poisoned.
You block the gnoll shaman's attack.
A gnoll comes into view. It is wielding a +0 spear.
The gnoll shouts!
You hit the gnoll.
The gnoll is heavily wounded.
You barely miss the gnoll shaman.
You feel very sick.
The gnoll hits you with a +1 dagger of venom.
You are lethally poisoned!
The gnoll shaman hits you with a +0 whip!
* * * LOW HITPOINT WARNING * * *
The gnoll hits you with a +1 dagger of venom.
* * * LOW HITPOINT WARNING * * *
You are more poisoned.
The gnoll shaman hits you but does no damage.
You feel very mighty all of a sudden.
You die...

... #.. .
#..# ).#####
...# .....r.
..(
##.gg###.#
...#g@...#
#...#..##
#....#.#
....##...##
..### ###.†#
### . #..##
#.. #...# ..
.
#...##.###..
##...#.....


You could see a gnoll shaman, 2 gnolls and a quokka.

Vanquished Creatures
  2 gnolls (D:3)
  An adder (D:2)
  4 worms
  An orc (D:2)
  4 ball pythons
  3 endoplasms (D:1)
  2 giant cockroaches (D:1)
  5 goblins
  7 hobgoblins
  9 kobolds
  4 quokkas
  5 bats (D:1)
  3 frilled lizards
  5 rats
55 creatures vanquished.

Notes
Turn   | Place    | Note
-------+----------+-------------------------------------------
     0 | D:1      | Deca the Hill Orc Fighter began the quest for the Orb.
     0 | D:1      | Reached XP level 1. HP: 19/19 MP: 1/1
     2 | D:1      | Noticed a demigod
     2 | D:1      | Noticed a gargoyle
     4 | D:1      | Noticed an elf
     4 | D:1      | Noticed a draconian
     8 | D:1      | Noticed a formicid
    10 | D:1      | Noticed a minotaur
    12 | D:1      | Noticed an ogre
    14 | D:1      | Noticed a troll
    14 | D:1      | Noticed an octopode
    16 | D:1      | Noticed a merfolk
    16 | D:1      | Noticed a vampire
    18 | D:1      | Noticed a ghoul
    18 | D:1      | Noticed a vine stalker
    20 | D:1      | Noticed a tengu
    20 | D:1      | Noticed a dwarf
    22 | D:1      | Noticed a naga
    22 | D:1      | Noticed a spriggan
    24 | D:1      | Noticed a human
    24 | D:1      | Noticed a felid
    26 | D:1      | Noticed a demonspawn
    85 | D:1      | Reached XP level 2. HP: 19/27 MP: 2/2
   381 | D:1      | Reached XP level 3. HP: 29/33 MP: 3/3
  1164 | D:2      | Reached XP level 4. HP: 40/40 MP: 4/4
  1376 | D:2      | Found a hazy altar of Hepliaklqana.
  1605 | D:3      | Succumbed to a gnoll's poison

Illustrated notes

Levels and vault maps discovered:
D:1:      kb_arrival_jail, layout_basic, minmay_unequal
D:2:      layout_rooms, basic_altar
D:3:      layout_rooms

Skill      XL: |  1  2  3  4 |
---------------+-------------+-----
Axes           | 3 |  3.9
Fighting       | 4 |  4.5
Shields        | 4 |  4.0
Armour         | 4 |  4.0

Action                   |  1- 3 |  4- 6 || total
-------------------------+-------+-------++-------
Melee: War axe           |   108 |    39 ||   147
  Use: Potion            |       |     1 ||     1
Armor: Scale mail        |    73 |    13 ||    86
Dodge: Dodged            |    62 |    16 ||    78
Block: Buckler           |    30 |    10 ||    40
